Workbook
Name _________AFC1: [6]INV!$A$25:$D$28
Name _________AFC3: [6]INV!$F$25:$I$28
Name _________AFC5: [6]INV!$K$25:$N$28
Name _________BGC1: [6]INV!$A$5:$D$8
Name _________BGC3: [6]INV!$F$5:$I$8
Name _________BGC5: [6]INV!$K$5:$N$8
Name _________CAC1: [6]INV!$A$19:$D$22
Name _________CAC3: [6]INV!$F$19:$I$22
Name _________CAC5: [6]INV!$K$19:$N$22
Name _________key2: [7]INST!#REF!
Name _________key2: [7]INST!#REF!
Name _________SBC1: [6]INV!$A$12:$D$15
Name _________SBC3: [6]INV!$F$12:$I$15
Name _________SBC5: [6]INV!$K$12:$N$15
Name ________AFC1: [6]INV!$A$25:$D$28
Name ________AFC3: [6]INV!$F$25:$I$28
Name ________AFC5: [6]INV!$K$25:$N$28
Name ________BGC1: [6]INV!$A$5:$D$8
Name ________BGC3: [6]INV!$F$5:$I$8
Name ________BGC5: [6]INV!$K$5:$N$8
Name ________CAC1: [6]INV!$A$19:$D$22
Name ________CAC3: [6]INV!$F$19:$I$22
Name ________CAC5: [6]INV!$K$19:$N$22
Name ________key2: [8]INST!#REF!
Name ________key2: [8]INST!#REF!
Name ________SBC1: [6]INV!$A$12:$D$15
Name ________SBC3: [6]INV!$F$12:$I$15
Name ________SBC5: [6]INV!$K$12:$N$15
Name _______AFC1: [6]INV!$A$25:$D$28
Name _______AFC3: [6]INV!$F$25:$I$28
Name _______AFC5: [6]INV!$K$25:$N$28
Name _______BGC1: [6]INV!$A$5:$D$8
Name _______BGC3: [6]INV!$F$5:$I$8
Name _______BGC5: [6]INV!$K$5:$N$8
Name _______CAC1: [6]INV!$A$19:$D$22
Name _______CAC3: [6]INV!$F$19:$I$22
Name _______CAC5: [6]INV!$K$19:$N$22
Name _______SBC1: [6]INV!$A$12:$D$15
Name _______SBC3: [6]INV!$F$12:$I$15
Name _______SBC5: [6]INV!$K$12:$N$15
Name ______AFC1: [6]INV!$A$25:$D$28
Name ______AFC3: [6]INV!$F$25:$I$28
Name ______AFC5: [6]INV!$K$25:$N$28
Name ______BGC1: [6]INV!$A$5:$D$8
Name ______BGC3: [6]INV!$F$5:$I$8
Name ______BGC5: [6]INV!$K$5:$N$8
Name ______CAC1: [6]INV!$A$19:$D$22
Name ______CAC3: [6]INV!$F$19:$I$22
Name ______CAC5: [6]INV!$K$19:$N$22
Name ______SBC1: [6]INV!$A$12:$D$15
Name ______SBC3: [6]INV!$F$12:$I$15
Name ______SBC5: [6]INV!$K$12:$N$15
Name _____AFC1: [6]INV!$A$25:$D$28
Name _____AFC3: [6]INV!$F$25:$I$28
Name _____AFC5: [6]INV!$K$25:$N$28
Name _____ane7: [9]!_xlbgnm.ane7
Name _____ane7: [9]!_xlbgnm.ane7
Name _____ane8: [9]!_xlbgnm.ane8
Name _____ane8: [9]!_xlbgnm.ane8
Name _____Atp2: [10]EMPRESA!$F$22

Sheet PRESUPUESTO OFICIAL (SEDE ADM.)
B1: Formulario 1 - Propuesta económica - Documento tipo de selección abreviada de menor cuantía - versión 1
B2: Versión: 1 del 21 de agosto de 2025
C5: FORMULARIO 1
C6: PRESUPUESTO OFICIAL
C7: [La entidad puede utilizar este formulario de detalle del presupuesto oficial para determinar las condiciones bajo las cuales los proponentes analizarán y presentarán su propuesta económica de forma detallada, sin perjuicio que la entidad pueda modificarlo o establecer la presentación de la oferta económica con un formulario distinto al indicado.]
C9: Adicionalmente, cuando el proceso de contratación es estructurado por precios unitarios, la Entidad debe aplicar las notas 1, 2 y 3 del presente formulario y las casillas de "Descripción", "Porcentaje" de la Administración, Imprevisto, Utilidad y total A.I.U. resaltadas en colo amarillo. Tratándose de otras modalidades de precio, la Entidad puede o no configurar los mismos aspectos.
C10: CONTRATO DE OBRA PUBLICA PARA EL "MEJORAMIENTO Y MANTENIMIENTO DE LA SEDE ADMINISTRATIVA UBICADA EN EL CORREGIMIENTO DE PUERTO BOGOTÁ, MUNICIPIO DE GUADUAS, CUNDINAMARCA",
C11: Nº | D11: ITEM DE PAGO | E11: ESPECIFICACIONES | G11: DESCRIPCION | H11: UND. | I11: CANTIDAD | J11: VALOR UNITARIO | K11: VALOR TOTAL
E12: GENERAL | F12: PARTICULAR
C14: 1 | G14: CENTRO ADMINISTRATVO
C15: 1.1 | D15: 1.35 | E15: X | G15: DESMONTE DE CUBIERTAS (TERMOACÚSTICA), INC RETIRO | H15: M2 | I15: =MEMORIA!E8 -> 109.32 | J15: 20170 | K15: =ROUND(+J15*I15,0) -> 2204984 | N15: 20170 | O15: =ROUND((N15*1.33),0) -> 26826
C16: 1.2 | D16: 10.9 | E16: X | G16: CERCHA PARA CUBIERTA EN ANGULO INC. ANTICORROSIVO | H16: KG | I16: =MEMORIA!E12 -> 120 | J16: 18917 | K16: =ROUND(+J16*I16,0) -> 2270040 | N16: 18917 | O16: =ROUND((N16*1.33),0) -> 25160
C17: 1.3 | D17: 7.25 | E17: X | G17: TEJA TERMOACUSTICA | H17: M2 | I17: =MEMORIA!E18 -> 109.32 | J17: 81737 | K17: =ROUND(+J17*I17,0) -> 8935489 | N17: 81737 | O17: =ROUND((N17*1.33),0) -> 108710
C18: 1.5 | D18: 7.4 | F18: X | G18: BAJANTE PVC AGUAS LLUVIAS D=3" | H18: ML | I18: =MEMORIA!E21 -> 6 | J18: 40072 | K18: =ROUND(+J18*I18,0) -> 240432 | N18: 40072 | O18: =ROUND((N18*1.33),0) -> 53296
C19: 1.6 | D19: 1.14. | E19: X | G19: DEMOLICIÓN CIELO RASO FALSO INC RETIRO | H19: M2 | I19: =MEMORIA!E30 -> 248.0635 | J19: 19671 | K19: =ROUND(+J19*I19,0) -> 4879657 | N19: 19671 | O19: =ROUND((N19*1.33),0) -> 26162
C20: 1.7 | D20: 15.5 | E20: X | G20: CIELO RASO PLANO DRYWALL (INCLUYE PINTURA) | H20: M2 | I20: =MEMORIA!E39 -> 250.896 | J20: 81484 | K20: =ROUND(+J20*I20,0) -> 20444010 | N20: 81484 | O20: =ROUND((N20*1.33),0) -> 108374
C21: 1.8 | D21: 12113 | F21: X | G21: LUMINARIA PANEL LED REDONDO - 24W - 4000K/6000K - IP20 - 120V - DE INCRUSTAR 30cmX3cm | H21: UND | I21: =+MEMORIA!A42 -> 8 | J21: 61833 | K21: =ROUND(+J21*I21,0) -> 494664 | N21: 61833 | O21: =ROUND((N21*1.33),0) -> 82238
C22: 1.9 | D22: 12.11 | G22: LUMINARIA PANEL LED RECTANGULAR - 40W - 4000K/6000K - IP20 - 120V - DE INCRUSTAR 120cmX30cm | H22: UND | I22: =+MEMORIA!C42 -> 16 | J22: 134941 | K22: =ROUND(+J22*I22,0) -> 2159056 | N22: 134941 | O22: =ROUND((N22*1.33),0) -> 179472
C23: 1.9 | D23: 1.32 | E23: X | G23: DESMONTE APARTAOS SANITARIAS, INC RETIRO | H23: UND | I23: =MEMORIA!E47 -> 4 | J23: 40253 | K23: =ROUND(+J23*I23,0) -> 161012 | N23: 40253 | O23: =ROUND((N23*1.33),0) -> 53536
C24: 1.10 | D24: 17.1 | E24: X | G24: SUMINISTRO E INSTALACIÓN SANITARIO TANQUE (INCLUYE GRIFERÍA) | H24: UND | I24: =MEMORIA!E53 -> 4 | J24: 446651 | K24: =ROUND(+J24*I24,0) -> 1786604 | N24: 446651 | O24: =ROUND((N24*1.33),0) -> 594046
C25: 1.11 | D25: 17.6 | E25: X | G25: SUMINISTRO E INSTALACIÓN LAVAMANOS DE EMPOTRAR (INCLUYE GRIFERÍA) | H25: UND | I25: =MEMORIA!E58 -> 1 | J25: 259289 | K25: =ROUND(+J25*I25,0) -> 259289 | N25: 259289 | O25: =ROUND((N25*1.33),0) -> 344854
C26: 1.12 | D26: 17.5 | E26: X | G26: SUMINISTRO E INSTALACIÓN LAVAMANOS PEDESTAL (INCLUYE GRIFERÍA) | H26: UND | I26: =MEMORIA!E58 -> 1 | J26: 280349 | K26: =ROUND(+J26*I26,0) -> 280349 | N26: 280349 | O26: =ROUND((N26*1.33),0) -> 372864
C27: 1.13 | D27: 1.10 | E27: X | G27: DEMOLICIÓN BALDOSA DE PISO H=0.02 M, INC RETIRO | H27: M2 | I27: =MEMORIA!E65 -> 33.7 | J27: 13166 | K27: =ROUND(+J27*I27,0) -> 443694 | N27: 13166 | O27: =ROUND((N27*1.33),0) -> 17511
C28: 1.14 | D28: 1.12 | E28: X | G28: DEMOLICIÓN ENCHAPE MURO, INC RETIRO | H28: M2 | I28: =MEMORIA!E72 -> 33.6 | J28: 14116 | K28: =ROUND(+J28*I28,0) -> 474298 | N28: 14116 | O28: =ROUND((N28*1.33),0) -> 18774
C29: 1.15 | D29: 1.16 | E29: X | G29: DEMOLICIÓN MUROS EN MAMPOSTERÍA 0.15 M, INC RETIRO | H29: M2 | I29: =MEMORIA!E75 -> 2 | J29: 26178 | K29: =ROUND(+J29*I29,0) -> 52356 | N29: 26178 | O29: =ROUND((N29*1.33),0) -> 34817
C30: 1.16 | D30: 5.8 | E30: X | G30: MESONES EN CONCRETO 2500 PSI, E=0.1 M (INCLUYE REFUERZO) | H30: M2 | I30: =MEMORIA!E80 -> 0.9 | J30: 165645 | K30: =ROUND(+J30*I30,0) -> 149081 | N30: 165645 | O30: =ROUND((N30*1.33),0) -> 220308
D31: 14.8 | G31: ACABADO EN GRANITO (INCLUYE DILATACIÓN EN BRONCE Y PULIDA) | H31: M2 | I31: =+MEMORIA!E87 -> 1.05 | J31: 260942 | K31: =ROUND(+J31*I31,0) -> 273989 | N31: 260942 | O31: =ROUND((N31*1.33),0) -> 347053
C32: 1.17 | D32: 14.42 | E32: X | G32: MEDIA CAÑA EN GRANITO - PREFABRICADA | H32: ML | I32: =MEMORIA!E90 -> 1.5 | J32: 99774 | K32: =ROUND(+J32*I32,0) -> 149661 | N32: 99774 | O32: =ROUND((N32*1.33),0) -> 132699
C33: 1.18 | D33: 6.5 | E33: X | G33: =MEMORIA!C91 -> IMPERMEABILIZACIÓN INTEGRAL MORTERO SIKA | H33: M2 | I33: =MEMORIA!E93 -> 251.0058 | J33: 26158 | K33: =ROUND(+J33*I33,0) -> 6565810 | N33: 26158 | O33: =ROUND((N33*1.33),0) -> 34790
C34: 1.19 | D34: 18.14 | E34: X | G34: ESTUCO | H34: M2 | I34: =MEMORIA!E98 -> 430.48066 | J34: 14420 | K34: =ROUND(+J34*I34,0) -> 6207531 | N34: 14420 | O34: =ROUND((N34*1.33),0) -> 19179
C35: 1.20 | D35: 1.38 | F35: X | G35: DESMONTE MARCOS Y PUERTAS, INC RETIRO | H35: UND | I35: =MEMORIA!E104 -> 6 | J35: 26090 | K35: =ROUND(+J35*I35,0) -> 156540 | N35: 26090 | O35: =ROUND((N35*1.33),0) -> 34700
D36: 1.39 | G36: DESMONTE VENTANAS, INC RETIRO | H36: M2 | I36: =+MEMORIA!E110 -> 9 | J36: 18338 | K36: =ROUND(+J36*I36,0) -> 165042 | N36: 18338 | O36: =ROUND((N36*1.33),0) -> 24390
C37: 1.21 | D37: 10.4 | F37: X | G37: MARCO PARA PUERTA EN LÁMINA CAL 18-0.8. INC ANTICORROSIVO | H37: UND | I37: =MEMORIA!E116 -> 5 | J37: 242567 | K37: =ROUND(+J37*I37,0) -> 1212835 | N37: 242567 | O37: =ROUND((N37*1.33),0) -> 322614
C38: 1.22 | D38: 10.7 | F38: X | G38: PUERTA EN LAMINA CAL 18 INC. ANTICORROSIVO | H38: M2 | I38: =MEMORIA!E124 -> 8.7 | J38: 355573 | K38: =ROUND(+J38*I38,0) -> 3093485 | N38: 355573 | O38: =ROUND((N38*1.33),0) -> 472912
D39: 10.8 | G39: PUERTA VENTANA EN LAMINA CAL 18 INC. ANTICORROSIVO | H39: M2 | I39: =+MEMORIA!E130 -> 14.46 | J39: 230968 | K39: =ROUND(+J39*I39,0) -> 3339797 | N39: 230968 | O39: =ROUND((N39*1.33),0) -> 307187
C40: 1.23 | D40: 14.41 | E40: X | G40: CERÁMICA PISO TRÁFICO 5, CALIDAD PRIMERA | H40: M2 | I40: =MEMORIA!E137 -> 33.75 | J40: 111581 | K40: =ROUND(+J40*I40,0) -> 3765859 | N40: 111581 | O40: =ROUND((N40*1.33),0) -> 148403
D41: 14.17 | G41: GUARDAESCOBA GRES Y CERÁMICA | H41: ML | I41: =MEMORIA!F140 -> 23.4 | J41: 21152 | K41: =ROUND(+J41*I41,0) -> 494957 | N41: 21152 | O41: =ROUND((N41*1.33),0) -> 28132
D42: 14.36 | G42: REMATES WING PVC TRADICIONAL | H42: ML | I42: =MEMORIA!F140 -> 23.4 | J42: 7429 | K42: =ROUND(+J42*I42,0) -> 173839 | N42: 7429 | O42: =ROUND((N42*1.33),0) -> 9881
C43: 1.24 | D43: 14.1 | E43: X | G43: BALDOSA CERÁMICA PARED 20X20, CALIDAD PRIMERA | H43: M2 | I43: =MEMORIA!E148 -> 33.6 | J43: 91474 | K43: =ROUND(+J43*I43,0) -> 3073526 | N43: 91474 | O43: =ROUND((N43*1.33),0) -> 121660
C44: 1.27 | D44: APU | E44: X | G44: BARNIZ HIDROFUGO TINTILLADO BRILLANTE BASE SOLVENTE PARA LADRILLO A LA VISTA | H44: M2 | I44: =MEMORIA!E155 -> 36.45 | J44: =+APU!H83 -> 64535 | K44: =ROUND(+J44*I44,0) -> 2352301 | N44: 64535 | O44: =ROUND((N44*1.33),0) -> 85832
C45: 1.30 | D45: 10.20 | F45: X | G45: VENTANA LÁMINA CALIBRE 18 INC. ANTICORROSIVO | H45: M2 | I45: =MEMORIA!E161 -> 4.875 | J45: 222649 | K45: =ROUND(+J45*I45,0) -> 1085414 | N45: 222649 | O45: =ROUND((N45*1.33),0) -> 296123
C46: 1.31 | D46: 9.26 | F46: X | G46: VIDRIO ESMERILADO INCOLORO 5 mm | H46: M2 | I46: =MEMORIA!E173 -> 32.14 | J46: 124721 | K46: =ROUND(+J46*I46,0) -> 4008533 | N46: 124721 | O46: =ROUND((N46*1.33),0) -> 165879
C47: 1.32 | D47: 9.23 | F47: X | G47: ESPEJO INCOLORO 3 mm SIN BISELAR | H47: M2 | I47: =MEMORIA!E177 -> 0.49 | J47: 95911 | K47: =ROUND(+J47*I47,0) -> 46996 | N47: 95911 | O47: =ROUND((N47*1.33),0) -> 127562
C48: 1.33 | D48: 18.23 | E48: X | G48: VINILO SOBRE PAÑETE 2 MANOS | H48: M2 | I48: =MEMORIA!I218 -> 836.686 | J48: 18299 | K48: =ROUND(+J48*I48,0) -> 15310517 | N48: 18299 | O48: =ROUND((N48*1.33),0) -> 24338
C49: 1.34 | D49: 18.2 | F49: X | G49: ANTICORROSIVO SOBRE LÁMINA LINEAL | H49: ML | I49: =MEMORIA!E221 -> 14 | J49: 5559 | K49: =ROUND(+J49*I49,0) -> 77826 | N49: 5559 | O49: =ROUND((N49*1.33),0) -> 7393
C50: 1.35 | D50: 12.92 | E50: X | G50: SALIDA TOMACORRIENTE DOBLE - 2P + T - CON PROTECCIÓN GFCI - 15A - 127V (NEMA 5-15R), INCLUYE: CAJA, ELEMENTOS DE FIJACIÓN, TRAMO DE 4m DE TUBERÍA PVC 1/2" Y CIRCUITO RAMAL | H50: UND | I50: =MEMORIA!B232 -> 14 | J50: 190536 | K50: =ROUND(+J50*I50,0) -> 2667504 | N50: 190536 | O50: =ROUND((N50*1.33),0) -> 253413
C51: 1.36 | D51: 18.8 | E51: X | G51: ESMALTE SOBRE LAMINA LINEAL | H51: ML | I51: =MEMORIA!E284 -> 67.4 | J51: 5081 | K51: =ROUND(+J51*I51,0) -> 342459 | N51: 5081 | O51: =ROUND((N51*1.33),0) -> 6758
C52: 1.37 | D52: 18.9 | E52: X | G52: ESMALTE SOBRE LAMINA LLENA | H52: M2 | I52: =MEMORIA!E276 -> 301.52 | J52: 25097 | K52: =ROUND(+J52*I52,0) -> 7567247 | N52: 25097 | O52: =ROUND((N52*1.33),0) -> 33379
D53: 18.30 | G53: PINTURA TIPO KORAZA PARA EXTERIOR | H53: M2 | I53: =MEMORIA!E293 -> 65.14 | J53: 28330 | K53: =ROUND(+J53*I53,0) -> 1845416 | N53: 28330 | O53: =ROUND((N53*1.33),0) -> 37679
C54: 1.38 | D54: APU | E54: X | G54: SUMINSTRO E INSTALCION DE VENTILADORES | H54: UND | I54: =+MEMORIA!C299 -> 4 | J54: =APU!H38 -> 411000 | K54: =ROUND(+J54*I54,0) -> 1644000 | N54: 411000 | O54: =ROUND((N54*1.33),0) -> 546630
C55: 1.39 | D55: 1.24 | E55: X | G55: DEMOLICIÓN PLACA MACIZA 0.30 M, INC RETIRO | H55: M2 | I55: =MEMORIA!E302 -> 7.5 | J55: 101530 | K55: =ROUND(+J55*I55,0) -> 761475 | N55: 101530 | O55: =ROUND((N55*1.33),0) -> 135035
C56: 1.41 | D56: 4.23 | E56: X | G56: REFUERZO MALLA ELECTROSOLDADA | H56: KG | I56: =MEMORIA!E307 -> 22.5 | J56: 11855 | K56: =ROUND(+J56*I56,0) -> 266738 | N56: 11855 | O56: =ROUND((N56*1.33),0) -> 15767
C57: 1.42 | D57: 13.8 | E57: X | G57: CONCRETO ESTRIADO RAMPA 2500 PSI | H57: M2 | I57: =MEMORIA!E311 -> 7.5 | J57: 119643 | K57: =ROUND(+J57*I57,0) -> 897323 | N57: 119643 | O57: =ROUND((N57*1.33),0) -> 159125
C58: Subtotal | K58: =SUM(K15:K57) -> 112781635 | O58: =ROUND((N58*1.33),0) -> 0
C59: SUBTOTAL OBRAS | K59: =K58 -> 112781635
G61: SUBTOTAL OBRAS (INCLUYE IVA) | K61: =K59 -> 112781635
G62: AIU | J62: 0.33 | K62: =+K61*J62 -> 37217940
G65: AJUSTE AL PRECIO
G66: VALOR TOTAL | K66: =SUM(K61:K65) -> 1.4999957e+08
C69: NOTA 1: Se debe tener en cuenta que el PRECIO UNITARIO incluye el valor de A.I.U. | H69: DESCRIPCION | K69: PORCENTAJE
C70: NOTA 2: Cuando la fracción decimal del peso sea igual o superior a 5 se aproximara por exceso al número entero siguiente del peso y cuando la fracción decimal del peso sea inferior a 5 se aproximará por defecto al número entero del peso. | H70: ADMINISTRACION | J70: A= | K70: [Determinar por la Entidad]
C71: NOTA 3: El A.I.U y su discriminación deben estar en porcentaje (%). | H71: IMPREVISTO | J71: I= | K71: [Determinar por la Entidad]
H72: UTILIDAD | J72: U= | K72: [Determinar por la Entidad]
H73: TOTAL A.I.U | J73: A.I.U.= | K73: [Determinar por la Entidad]

Sheet PRESUPUESTO OFICIAL AIU SEDE PT
B1: Formulario 1 - Propuesta económica - Documento tipo de selección abreviada de menor cuantía - versión 1
B2: Versión: 1 del 21 de agosto de 2025
C5: FORMULARIO 1
C6: PRESUPUESTO OFICIAL
C7: [La entidad puede utilizar este formulario de detalle del presupuesto oficial para determinar las condiciones bajo las cuales los proponentes analizarán y presentarán su propuesta económica de forma detallada, sin perjuicio que la entidad pueda modificarlo o establecer la presentación de la oferta económica con un formulario distinto al indicado.]
C9: Adicionalmente, cuando el proceso de contratación es estructurado por precios unitarios, la Entidad debe aplicar las notas 1, 2 y 3 del presente formulario y las casillas de "Descripción", "Porcentaje" de la Administración, Imprevisto, Utilidad y total A.I.U. resaltadas en colo amarillo. Tratándose de otras modalidades de precio, la Entidad puede o no configurar los mismos aspectos.
C10: CONTRATO DE OBRA PUBLICA PARA EL "MEJORAMIENTO Y MANTENIMIENTO DE LA SEDE ADMINISTRATIVA UBICADA EN EL CORREGIMIENTO DE PUERTO BOGOTÁ, MUNICIPIO DE GUADUAS, CUNDINAMARCA",
C11: Nº | D11: ITEM DE PAGO | E11: ESPECIFICACIONES | G11: DESCRIPCION | H11: UND. | I11: CANTIDAD | J11: VALOR UNITARIO | K11: VALOR TOTAL
E12: GENERAL | F12: PARTICULAR
C13: 1 | G13: CENTRO ADMINISTRATVO
D14: 1.1 | E14: 1.35 | G14: DESMONTE DE CUBIERTAS (TERMOACÚSTICA), INC RETIRO | H14: M2 | I14: =MEMORIA!E8 -> 109.32 | J14: =+O14 -> 26826 | K14: =ROUND(+J14*I14,0) -> 2932618 | N14: 20170 | O14: =ROUND((N14*1.33),0) -> 26826
D15: 1.2 | E15: 10.9 | G15: CERCHA PARA CUBIERTA EN ANGULO INC. ANTICORROSIVO | H15: KG | I15: =MEMORIA!E12 -> 120 | J15: =+O15 -> 25160 | K15: =ROUND(+J15*I15,0) -> 3019200 | N15: 18917 | O15: =ROUND((N15*1.33),0) -> 25160
D16: 1.3 | E16: 7.25 | G16: TEJA TERMOACUSTICA | H16: M2 | I16: =MEMORIA!E18 -> 109.32 | J16: =+O16 -> 108710 | K16: =ROUND(+J16*I16,0) -> 11884177 | N16: 81737 | O16: =ROUND((N16*1.33),0) -> 108710
D17: 1.4 | E17: 7.4 | G17: BAJANTE PVC AGUAS LLUVIAS D=3" | H17: ML | I17: =MEMORIA!E21 -> 6 | J17: =+O17 -> 53296 | K17: =ROUND(+J17*I17,0) -> 319776 | N17: 40072 | O17: =ROUND((N17*1.33),0) -> 53296
D18: 1.5 | E18: 1.14. | G18: DEMOLICIÓN CIELO RASO FALSO INC RETIRO | H18: M2 | I18: =MEMORIA!E30 -> 248.0635 | J18: =+O18 -> 26162 | K18: =ROUND(+J18*I18,0) -> 6489837 | N18: 19671 | O18: =ROUND((N18*1.33),0) -> 26162
D19: 1.6 | E19: 15.5 | G19: CIELO RASO PLANO DRYWALL (INCLUYE PINTURA) | H19: M2 | I19: =MEMORIA!E39 -> 250.896 | J19: =+O19 -> 108374 | K19: =ROUND(+J19*I19,0) -> 27190603 | N19: 81484 | O19: =ROUND((N19*1.33),0) -> 108374
D20: 1.7 | E20: 12113 | G20: LUMINARIA PANEL LED REDONDO - 24W - 4000K/6000K - IP20 - 120V - DE INCRUSTAR 30cmX3cm | H20: UND | I20: =+MEMORIA!A42 -> 8 | J20: =+O20 -> 82238 | K20: =ROUND(+J20*I20,0) -> 657904 | N20: 61833 | O20: =ROUND((N20*1.33),0) -> 82238
D21: 1.8 | E21: 12.11 | G21: LUMINARIA PANEL LED RECTANGULAR - 40W - 4000K/6000K - IP20 - 120V - DE INCRUSTAR 120cmX30cm | H21: UND | I21: =+MEMORIA!C42 -> 16 | J21: =+O21 -> 179472 | K21: =ROUND(+J21*I21,0) -> 2871552 | N21: 134941 | O21: =ROUND((N21*1.33),0) -> 179472
D22: 1.9 | E22: 1.32 | G22: DESMONTE APARTAOS SANITARIAS, INC RETIRO | H22: UND | I22: =MEMORIA!E47 -> 4 | J22: =+O22 -> 53536 | K22: =ROUND(+J22*I22,0) -> 214144 | N22: 40253 | O22: =ROUND((N22*1.33),0) -> 53536
D23: 1.10 | E23: 17.1 | G23: SUMINISTRO E INSTALACIÓN SANITARIO TANQUE (INCLUYE GRIFERÍA) | H23: UND | I23: =MEMORIA!E53 -> 4 | J23: =+O23 -> 594046 | K23: =ROUND(+J23*I23,0) -> 2376184 | N23: 446651 | O23: =ROUND((N23*1.33),0) -> 594046
D24: 1.11 | E24: 17.6 | G24: SUMINISTRO E INSTALACIÓN LAVAMANOS DE EMPOTRAR (INCLUYE GRIFERÍA) | H24: UND | I24: =MEMORIA!E58 -> 1 | J24: =+O24 -> 344854 | K24: =ROUND(+J24*I24,0) -> 344854 | N24: 259289 | O24: =ROUND((N24*1.33),0) -> 344854
D25: 1.12 | E25: 17.5 | G25: SUMINISTRO E INSTALACIÓN LAVAMANOS PEDESTAL (INCLUYE GRIFERÍA) | H25: UND | I25: =MEMORIA!E58 -> 1 | J25: =+O25 -> 372864 | K25: =ROUND(+J25*I25,0) -> 372864 | N25: 280349 | O25: =ROUND((N25*1.33),0) -> 372864
D26: 1.13 | E26: 1.10 | G26: DEMOLICIÓN BALDOSA DE PISO H=0.02 M, INC RETIRO | H26: M2 | I26: =MEMORIA!E65 -> 33.7 | J26: =+O26 -> 17511 | K26: =ROUND(+J26*I26,0) -> 590121 | N26: 13166 | O26: =ROUND((N26*1.33),0) -> 17511
D27: 1.14 | E27: 1.12 | G27: DEMOLICIÓN ENCHAPE MURO, INC RETIRO | H27: M2 | I27: =MEMORIA!E72 -> 33.6 | J27: =+O27 -> 18774 | K27: =ROUND(+J27*I27,0) -> 630806 | N27: 14116 | O27: =ROUND((N27*1.33),0) -> 18774
D28: 1.15 | E28: 1.16 | G28: DEMOLICIÓN MUROS EN MAMPOSTERÍA 0.15 M, INC RETIRO | H28: M2 | I28: =MEMORIA!E75 -> 2 | J28: =+O28 -> 34817 | K28: =ROUND(+J28*I28,0) -> 69634 | N28: 26178 | O28: =ROUND((N28*1.33),0) -> 34817
D29: 1.16 | E29: 5.8 | G29: MESONES EN CONCRETO 2500 PSI, E=0.1 M (INCLUYE REFUERZO) | H29: M2 | I29: =MEMORIA!E80 -> 0.9 | J29: =+O29 -> 220308 | K29: =ROUND(+J29*I29,0) -> 198277 | N29: 165645 | O29: =ROUND((N29*1.33),0) -> 220308
D30: 1.17 | E30: 14.8 | G30: ACABADO EN GRANITO (INCLUYE DILATACIÓN EN BRONCE Y PULIDA) | H30: M2 | I30: =+MEMORIA!E87 -> 1.05 | J30: =+O30 -> 347053 | K30: =ROUND(+J30*I30,0) -> 364406 | N30: 260942 | O30: =ROUND((N30*1.33),0) -> 347053
D31: 1.18 | E31: 14.42 | G31: MEDIA CAÑA EN GRANITO - PREFABRICADA | H31: ML | I31: =MEMORIA!E90 -> 1.5 | J31: =+O31 -> 132699 | K31: =ROUND(+J31*I31,0) -> 199049 | N31: 99774 | O31: =ROUND((N31*1.33),0) -> 132699
D32: 1.19 | E32: 6.5 | G32: =MEMORIA!C91 -> IMPERMEABILIZACIÓN INTEGRAL MORTERO SIKA | H32: M2 | I32: =MEMORIA!E93 -> 251.0058 | J32: =+O32 -> 34790 | K32: =ROUND(+J32*I32,0) -> 8732492 | N32: 26158 | O32: =ROUND((N32*1.33),0) -> 34790
D33: 1.20 | E33: 18.14 | G33: ESTUCO | H33: M2 | I33: =MEMORIA!E98 -> 430.48066 | J33: =+O33 -> 19179 | K33: =ROUND(+J33*I33,0) -> 8256189 | N33: 14420 | O33: =ROUND((N33*1.33),0) -> 19179
D34: 1.21 | E34: 1.38 | G34: DESMONTE MARCOS Y PUERTAS, INC RETIRO | H34: UND | I34: =MEMORIA!E104 -> 6 | J34: =+O34 -> 34700 | K34: =ROUND(+J34*I34,0) -> 208200 | N34: 26090 | O34: =ROUND((N34*1.33),0) -> 34700
D35: 1.22 | E35: 1.39 | G35: DESMONTE VENTANAS, INC RETIRO | H35: M2 | I35: =+MEMORIA!E110 -> 9 | J35: =+O35 -> 24390 | K35: =ROUND(+J35*I35,0) -> 219510 | N35: 18338 | O35: =ROUND((N35*1.33),0) -> 24390
D36: 1.23 | E36: 10.4 | G36: MARCO PARA PUERTA EN LÁMINA CAL 18-0.8. INC ANTICORROSIVO | H36: UND | I36: =MEMORIA!E116 -> 5 | J36: =+O36 -> 322614 | K36: =ROUND(+J36*I36,0) -> 1613070 | N36: 242567 | O36: =ROUND((N36*1.33),0) -> 322614
D37: 1.24 | E37: 10.7 | G37: PUERTA EN LAMINA CAL 18 INC. ANTICORROSIVO | H37: M2 | I37: =MEMORIA!E124 -> 8.7 | J37: =+O37 -> 472912 | K37: =ROUND(+J37*I37,0) -> 4114334 | N37: 355573 | O37: =ROUND((N37*1.33),0) -> 472912
D38: 1.25 | E38: 10.8 | G38: PUERTA VENTANA EN LAMINA CAL 18 INC. ANTICORROSIVO | H38: M2 | I38: =+MEMORIA!E130 -> 14.46 | J38: =+O38 -> 307187 | K38: =ROUND(+J38*I38,0) -> 4441924 | N38: 230968 | O38: =ROUND((N38*1.33),0) -> 307187
D39: 1.26 | E39: 14.41 | G39: CERÁMICA PISO TRÁFICO 5, CALIDAD PRIMERA | H39: M2 | I39: =MEMORIA!E137 -> 33.75 | J39: =+O39 -> 148403 | K39: =ROUND(+J39*I39,0) -> 5008601 | N39: 111581 | O39: =ROUND((N39*1.33),0) -> 148403
D40: 1.27 | E40: 14.17 | G40: GUARDAESCOBA GRES Y CERÁMICA | H40: ML | I40: =MEMORIA!F140 -> 23.4 | J40: =+O40 -> 28132 | K40: =ROUND(+J40*I40,0) -> 658289 | N40: 21152 | O40: =ROUND((N40*1.33),0) -> 28132
D41: 1.28 | E41: 14.36 | G41: REMATES WING PVC TRADICIONAL | H41: ML | I41: =MEMORIA!F140 -> 23.4 | J41: =+O41 -> 9881 | K41: =ROUND(+J41*I41,0) -> 231215 | N41: 7429 | O41: =ROUND((N41*1.33),0) -> 9881
D42: 1.29 | E42: 14.1 | G42: BALDOSA CERÁMICA PARED 20X20, CALIDAD PRIMERA | H42: M2 | I42: =MEMORIA!E148 -> 33.6 | J42: =+O42 -> 121660 | K42: =ROUND(+J42*I42,0) -> 4087776 | N42: 91474 | O42: =ROUND((N42*1.33),0) -> 121660
D43: 1.30 | F43: APU 1 | G43: BARNIZ HIDROFUGO TINTILLADO BRILLANTE BASE SOLVENTE PARA LADRILLO A LA VISTA Y MANTENIMIENTO DE FACHADA | H43: M2 | I43: =MEMORIA!E155 -> 36.45 | J43: =+O43 -> 85832 | K43: =ROUND(+J43*I43,0) -> 3128576 | N43: 64535 | O43: =ROUND((N43*1.33),0) -> 85832
D44: 1.31 | E44: 10.20 | G44: VENTANA LÁMINA CALIBRE 18 INC. ANTICORROSIVO | H44: M2 | I44: =MEMORIA!E161 -> 4.875 | J44: =+O44 -> 296123 | K44: =ROUND(+J44*I44,0) -> 1443600 | N44: 222649 | O44: =ROUND((N44*1.33),0) -> 296123
D45: 1.32 | E45: 9.26 | G45: VIDRIO ESMERILADO INCOLORO 5 mm | H45: M2 | I45: =MEMORIA!E173 -> 32.14 | J45: =+O45 -> 165879 | K45: =ROUND(+J45*I45,0) -> 5331351 | N45: 124721 | O45: =ROUND((N45*1.33),0) -> 165879
D46: 1.33 | E46: 9.23 | G46: ESPEJO INCOLORO 3 mm SIN BISELAR | H46: M2 | I46: =MEMORIA!E177 -> 0.49 | J46: =+O46 -> 127562 | K46: =ROUND(+J46*I46,0) -> 62505 | N46: 95911 | O46: =ROUND((N46*1.33),0) -> 127562
D47: 1.34 | E47: 18.23 | G47: VINILO SOBRE PAÑETE 2 MANOS | H47: M2 | I47: =MEMORIA!I218 -> 836.686 | J47: =+O47 -> 24338 | K47: =ROUND(+J47*I47,0) -> 20363264 | N47: 18299 | O47: =ROUND((N47*1.33),0) -> 24338
D48: 1.35 | E48: 18.2 | G48: ANTICORROSIVO SOBRE LÁMINA LINEAL | H48: ML | I48: =MEMORIA!E221 -> 14 | J48: =+O48 -> 7393 | K48: =ROUND(+J48*I48,0) -> 103502 | N48: 5559 | O48: =ROUND((N48*1.33),0) -> 7393
D49: 1.36 | E49: 12.92 | G49: SALIDA TOMACORRIENTE DOBLE - 2P + T - CON PROTECCIÓN GFCI - 15A - 127V (NEMA 5-15R), INCLUYE: CAJA, ELEMENTOS DE FIJACIÓN, TRAMO DE 4m DE TUBERÍA PVC 1/2" Y CIRCUITO RAMAL | H49: UND | I49: =MEMORIA!B232 -> 14 | J49: =+O49 -> 253413 | K49: =ROUND(+J49*I49,0) -> 3547782 | N49: 190536 | O49: =ROUND((N49*1.33),0) -> 253413
D50: 1.37 | E50: 18.8 | G50: ESMALTE SOBRE LAMINA LINEAL | H50: ML | I50: =MEMORIA!E284 -> 67.4 | J50: =+O50 -> 6758 | K50: =ROUND(+J50*I50,0) -> 455489 | N50: 5081 | O50: =ROUND((N50*1.33),0) -> 6758
D51: 1.38 | E51: 18.9 | G51: ESMALTE SOBRE LAMINA LLENA | H51: M2 | I51: =MEMORIA!E276 -> 301.52 | J51: =+O51 -> 33379 | K51: =ROUND(+J51*I51,0) -> 10064436 | N51: 25097 | O51: =ROUND((N51*1.33),0) -> 33379
D52: 1.39 | E52: 18.30 | G52: PINTURA TIPO KORAZA PARA EXTERIOR | H52: M2 | I52: =MEMORIA!E293 -> 65.14 | J52: =+O52 -> 37679 | K52: =ROUND(+J52*I52,0) -> 2454410 | N52: 28330 | O52: =ROUND((N52*1.33),0) -> 37679
D53: 1.40 | F53: APU 2 | G53: SUMINSTRO E INSTALCION DE VENTILADORES | H53: UND | I53: =+MEMORIA!C299 -> 4 | J53: =+O53 -> 546630 | K53: =ROUND(+J53*I53,0) -> 2186520 | N53: 411000 | O53: =ROUND((N53*1.33),0) -> 546630
D54: 1.41 | E54: 1.24 | G54: DEMOLICIÓN PLACA MACIZA 0.30 M, INC RETIRO | H54: M2 | I54: =MEMORIA!E302 -> 7.5 | J54: =+O54 -> 135035 | K54: =ROUND(+J54*I54,0) -> 1012763 | N54: 101530 | O54: =ROUND((N54*1.33),0) -> 135035
D55: 1.42 | E55: 4.23 | G55: REFUERZO MALLA ELECTROSOLDADA | H55: KG | I55: =MEMORIA!E307 -> 22.5 | J55: =+O55 -> 15767 | K55: =ROUND(+J55*I55,0) -> 354758 | N55: 11855 | O55: =ROUND((N55*1.33),0) -> 15767
D56: 1.43 | E56: 13.8 | G56: CONCRETO ESTRIADO RAMPA 2500 PSI | H56: M2 | I56: =MEMORIA!E311 -> 7.5 | J56: =+O56 -> 159125 | K56: =ROUND(+J56*I56,0) -> 1193438 | N56: 119643 | O56: =ROUND((N56*1.33),0) -> 159125
C57: SUBTOTAL OBRAS | K57: =SUM(K14:K56) -> 150000000
G59: SUBTOTAL OBRAS (INCLUYE IVA) | K59: =K57 -> 150000000 | N59: =+K59/(1.33) -> 1.1278195e+08
G60: AIU INCLUIDO EN CADA PRECIO UNITARIO | J60: 0.33 | N60: =+K59-(K59/1.33) -> 37218045
G61: AJUSTE AL PRECIO | N61: =+N60+N59 -> 150000000
G62: VALOR TOTAL | K62: =SUM(K59:K61) -> 150000000
C65: NOTA 1: Se debe tener en cuenta que el PRECIO UNITARIO incluye el valor de A.I.U. | H65: DESCRIPCION | K65: PORCENTAJE
C66: NOTA 2: Cuando la fracción decimal del peso sea igual o superior a 5 se aproximara por exceso al número entero siguiente del peso y cuando la fracción decimal del peso sea inferior a 5 se aproximará por defecto al número entero del peso. | H66: ADMINISTRACION | J66: A= | K66: 0.27
C67: NOTA 3: El A.I.U y su discriminación deben estar en porcentaje (%). | H67: IMPREVISTO | J67: I= | K67: 0.01
H68: UTILIDAD | J68: U= | K68: 0.05
H69: TOTAL A.I.U | J69: A.I.U.= | K69: =SUM(K66:K68) -> 0.33

Sheet APU
C3: ANÁLISIS DE PRECIOS UNITARIOS CONSTRUCCIÓN
A5: ITEM: | B5: APU 1 | C5: SUMINISTRO E INSTALACION VENTILADOR DE TECHO
C6: PROVINCIA: | D6: MAGDALENA_BAJO | G6: ESPECIFICACIÓN:
C7: MUNICIPIO: | E7: Guaduas | G7: UNIDAD: UN
A8: I. EQUIPO
A9: Descripción | D9: Unidad | E9: Tarifa | F9: Rendimiento | G9: Valor-Unit.
A10: HERRAMIENTA MENOR | D10: GBL | E10: 92500 | F10: 0.05 | G10: =+E10*F10 -> 4625
A15: Sub-Total | H15: =+SUM(G10:G14) -> 4625
A16: II. MATERIALES EN OBRA
A17: Descripción | D17: Unidad | E17: Precio-Unit. | F17: Cantidad | G17: Valor-Unit.
A18: VENTILADOR DE TECHO INDUSTRIAL 7450CFM 5 VELOCIDADES 144CM | D18: UN | E18: 350000 | F18: 1 | G18: =+F18*E18 -> 350000
A23: Sub-Total | H23: =SUM(G18:G22) -> 350000
A24: III. TRANSPORTES
A25: Material | C25: Vol-peso ó Cant. | D25: Distancia | E25: M3-Km | F25: Tarifa | G25: Valor-Unit.
A29: Sub-Total | H29: =+G26
A30: IV. MANO DE OBRA
A31: Trabajador | C31: Jornal | D31: Prestaciones | E31: Jornal Total | F31: Rendimiento | G31: Valor-Unit.
A32: AYUDANTES (1) AA | C32: 65000 | D32: 2.2 | E32: =+D32*C32 -> 143000 | F32: 8 | G32: =+E32/F32 -> 17875
A33: OFICIAL ELECTRICISTA | C33: 140000 | D33: 2.2 | E33: =+D33*C33 -> 308000 | F33: =+F32 -> 8 | G33: =+E33/F33 -> 38500
A36: Sub-Total | H36: =+SUM(G32:G34) -> 56375
A38: Total Costo Directo | H38: =H36+H29+H23+H15 -> 411000
C41: ANÁLISIS DE PRECIOS UNITARIOS CONSTRUCCIÓN
A43: ITEM: | B43: *** | C43: BARNIZ HIDROFUGO TINTILLADO BRILLANTE BASE SOLVENTE PARA LADRILLO A LA VISTA
C44: PROVINCIA: | D44: MAGDALENA_BAJO | G44: ESPECIFICACIÓN:
C45: MUNICIPIO: | E45: Guaduas | G45: UNIDAD: M2
A46: I. EQUIPO
A47: Descripción | D47: Unidad | E47: Tarifa | F47: Rendimiento | G47: Valor-Unit.
A48: Hidrolavadora | D48: h | E48: 25000 | F48: 0.08 | G48: =+E48*F48 -> 2000
A49: Andamio tubular / sistema de acceso | D49: m² | E49: 5000 | F49: 1 | G49: =+E49*F49 -> 5000
A50: Herramienta menor | D50: % MO | E50: =+H81 -> 23100 | F50: 0.05 | G50: =+E50*F50 -> 1155
A51: Equipo de protección para trabajo en altura | D51: gl | E51: 15000 | F51: 0.03 | G51: =+E51*F51 -> 450
A53: Sub-Total | H53: =+SUM(G48:G52) -> 8605
A54: II. MATERIALES EN OBRA
A55: Descripción | D55: Unidad | E55: Precio-Unit. | F55: Cantidad | G55: Valor-Unit.
A56: Limpiador/desengrasante para ladrillo | D56: kg | E56: 41000 | F56: 0.3 | G56: =+F56*E56 -> 12300
A57: Fungicida/antihongos | D57: kg | E57: 15000 | F57: 0.05 | G57: =+F57*E57 -> 750
A58: Mortero para resane de juntas | D58: kg | E58: 1200 | F58: 0.7 | G58: =+F58*E58 -> 840
A59: Cemento gris para resanes menores | D59: kg | E59: 800 | F59: 0.2 | G59: =+F59*E59 -> 160
A60: Arena fina para resane | D60: m³ | E60: 130000 | F60: 0.001 | G60: =+F60*E60 -> 130
A61: Sellador acrílico para superficies porosas | D61: gal | E61: 120000 | F61: 0.03 | G61: =+F61*E61 -> 3600
A62: Pintura exterior especial para ladrillo | D62: gal | E62: 120000 | F62: 0.1 | G62: =+F62*E62 -> 12000
A63: Lija/abrasivo | D63: und | E63: 2500 | F63: 0.2 | G63: =+F63*E63 -> 500
A64: Brochas/rodillos y consumibles | D64: gl | E64: 8000 | F64: 0.1 | G64: =+F64*E64 -> 800
A65: Plástico/cinta para protección | D65: gl | E65: 8000 | F65: 0.2 | G65: =+F65*E65 -> 1600
A66: Bolsas y disposición de residuos | D66: gl | E66: 3000 | F66: 0.05 | G66: =+F66*E66 -> 150
A68: Sub-Total | H68: =SUM(G56:G67) -> 32830
A69: III. TRANSPORTES
A70: Material | C70: Vol-peso ó Cant. | D70: Distancia | E70: M3-Km | F70: Tarifa | G70: Valor-Unit.
A74: Sub-Total | H74: =+G71
A75: IV. MANO DE OBRA
A76: Trabajador | C76: Jornal | D76: Prestaciones | E76: Jornal Total | F76: Rendimiento | G76: Valor-Unit.
A77: AYUDANTES (1) AA | C77: 70000 | D77: 2.2 | E77: =+C77*D77 -> 154000 | F77: 20 | G77: =+E77/F77 -> 7700
A78: OFICIAL PINTOR | C78: 140000 | D78: 2.2 | E78: =+C78*D78 -> 308000 | F78: =+F77 -> 20 | G78: =+E78/F78 -> 15400
A81: Sub-Total | H81: =+SUM(G77:G79) -> 23100
A83: Total Costo Directo | H83: =H81+H74+H68+H53 -> 64535

Sheet MEMORIA
A1: MEMORIA DE CALCULO
A2: PROYECTO: MANTENIMIENTO Y MEJORAMIENTO DE LA SEDE ADMINISTRATIVA DEL CORREGIMIENTO DE PUERTO BOGOTA, MUNICIPIO DE GUADUAS CUNDINAMARCA
A3: MEMORIA DE CALCULO CANTIDADES
A4: 1.1 | B4: 1.35 | C4: DESMONTE DE CUBIERTAS (TERMOACÚSTICA), INC RETIRO | F4: M2
A5: ANCHO | C5: LARGO | E5: AREA
A6: 8.2 | C6: 11.3 | E6: =+A6*C6 -> 92.66 | G6: parte trasera cocina, lavadero primer piso | K6: =2.45+0.36+7.1+4.2 -> 14.11 | L6: 6.55
A7: 4.9 | C7: 3.4 | E7: =+A7*C7 -> 16.66 | G7: ofina contigua a cocina en elprimer piso
C8: total | E8: =+E6+E7 -> 109.32
A9: OBSERVACIONES: CUBIERTA EXISTENTE DE LA SEDE ADMINISTRATIVA PRIMER PISO
A10: 1.2 | B10: 10.9 | C10: CERCHA PARA CUBIERTA EN ÁNGULO INC. ANTICORROSIVO | F10: KG
A11: KG/ML | B11: ML POR CERCHA | C11: UND CERCHA | E11: TOTAL
A12: 5 | B12: 4 | C12: 6 | E12: =(A12*B12)*C12 -> 120
A13: OBSERVACIONES:LAS CERCHAS QUE REQUIEREN CAMBIO SE ENCUNTRA EN LA PARTE TRASERA DE LA SEDE PRIMER PISO FRENTE A LA COCINA
A14: 1.3 | B14: 7.25 | C14: TEJA TERMOACUSTICA | F14: M2
A15: ANCHO | C15: LARGO | E15: AREA
A16: 8.2 | C16: 11.3 | E16: =+A16*C16 -> 92.66 | G16: parte trasera, cocina y lavadero primer piso
A17: 4.9 | C17: 3.4 | E17: =+A17*C17 -> 16.66 | G17: parte trasera, oficina contiguo cocina primer piso
A18: 11 | C18: 16 | E18: =+E16+E17 -> 109.32
A19: 46113 | B19: 7.4 | C19: BAJANTE PVC AGUAS LLUVIAS D=3" | F19: ML
A20: CANTIDAD POR UNIDAD | C20: ML BAJANTE VERTICAL | E20: TOTAL | G20: SE INSTALARAN UNA BAJANTE EN CADA ESTREMO DE LA CUBIERTA ES DECIR 2 UND
A21: 2 | C21: 3 | E21: =C21*A21 -> 6
A22: 46143 | B22: 1.14. | C22: DEMOLICIÓN CIELO RASO FALSO INC RETIRO | F22: M2
A23: ANCHO | C23: LARGO | E23: AREA
A24: 1.4 | C24: 4.2 | E24: =+A24*C24 -> 5.88 | G24: parte trasera sajuan patio, primer piso
A25: 6.45 | C25: 4.75 | E25: =+A25*C25 -> 30.6375 | G25: parte trasera cocina 1, primer piso
A26: 3.75 | C26: 5.45 | E26: =+A26*C26 -> 20.4375 | G26: parte trasera cocina 2, primer piso
A27: =+(4.9+3.75)/2 -> 4.325 | C27: 4.1 | E27: =+A27*C27 -> 17.7325 | G27: parte trasera oficina contiguo cocina, primer piso
A28: 9.6 | C28: 5.1 | E28: =+A28*C28 -> 48.96 | G28: medida toma desde oficina comisaria hasta inicio de oficina de ediles | L28: =2.2+2.85+3.7+4.7+2+4.24 -> 19.69 | M28: =4.75+1.2+2.45 -> 8.4 | N28: =+L28*M28 -> 165.396
A29: 8.64 | C29: 14.4 | E29: =+A29*C29 -> 124.416 | G29: medida toma desde inicio de oficina de ediles hasta final de la misma | K29: <
D30: TOTAL | E30: =+E24+E28+E29+E25+E26+E27 -> 248.0635
A31: 46174 | B31: 15.10 | C31: CIELO RASO PLANO DRYWALL (INCLUYE PINTURA) | F31: M2
A32: ANCHO | C32: LARGO | E32: AREA
A33: 1.4 | C33: 4.2 | E33: =+A33*C33 -> 5.88 | G33: sajuan salida al patio, primer piso
A34: 3.75 | C34: 5 | E34: =+A34*C34 -> 18.75 | G34: cocina 1, primer piso parte trasera
A35: 6.45 | C35: 4.9 | E35: =+A35*C35 -> 31.605 | G35: cocina 2, primer piso parte trasera
A36: 4.95 | C36: 4.3 | E36: =+A36*C36 -> 21.285 | G36: oficina contiguo a cocina, primer piso
A37: 9.6 | C37: 5.1 | E37: =+A37*C37 -> 48.96 | G37: medida toma desde oficina comisaria hasta inicio de oficina de ediles
A38: 8.64 | C38: 14.4 | E38: =+A38*C38 -> 124.416 | G38: medida toma desde inicio de oficina de ediles hasta final de la misma
D39: TOTAL | E39: =+E33+E37+E38+E34+E35+E36 -> 250.896
A40: 46204 | B40: 12113 | C40: LUMINARIA PANEL LED REDONDO - 24W - 4000K/6000K - IP20 - 120V - DE INCRUSTAR 30cmX3cm | F40: UND
A41: 1° PISO | C41: 2° PISO | E41: TOTAL | G41: 2 PISO ( 4 ofi. Ediles, 3 pasadiso frende a ediles, 3 pasadiso frente a comisaria, 2 comisaria, 1 oficina 1, 1 oficina 2, 1 baños, 1 oficina archivo )
A42: 8 | C42: 16 | E42: =+C42+A42 -> 24 | G42: 1 PISO ( 5 cocina, 1 sajuan salida patio, 2 oficina contiguo cocina)
A43: OBSERVACIONES: TODAS LOS SALONES DEL SEGUNDO PISO, DEL PRIMER PISO SOLO LOS SALONES DE LA PARTE TRASERA DE LA SEDE
A44: 46235 | B44: 1.32 | C44: DESMONTE APARTAOS SANITARIAS, INC RETIRO | F44: UND
A45: 2 | G45: BAÑO FUNCIONARIOS
A46: 2 | G46: BAÑOS SEGUNDO PISO
A47: TOTAL | E47: =A45+A46 -> 4
A48: OBSERVACIONES: LOS SANITARIOS A DESMONTAR SE ENCUENTRAN EN EL BAÑO DE LOS FUNCIONARIOS Y DE USUSARIOS EN EL PRIMER PISO
A50: 46266 | B50: 17.1 | C50: SUMINISTRO E INSTALACIÓN SANITARIO TANQUE (INCLUYE GRIFERÍA) | F50: UND
A51: 2 | G51: BAÑO FUNCIONARIOS
A52: 2 | G52: BAÑOS SEGUNDO PISO
A53: TOTAL | E53: =A51+A52 -> 4
A54: 46296 | B54: 17.6 | C54: SUMINISTRO E INSTALACIÓN LAVAMANOS DE EMPOTRAR (INCLUYE GRIFERÍA) | F54: UND
A55: 1 | G55: BAÑO FUNCIONARIOS
A56: 46327 | B56: 17.5 | C56: SUMINISTRO E INSTALACIÓN LAVAMANOS PEDESTAL (INCLUYE GRIFERÍA) | F56: UND
A57: 1 | G57: BAÑOS 2 PISO
A58: TOTAL | E58: =A57 -> 1
A59: 46357 | B59: 1.10 | C59: DEMOLICIÓN BALDOSA DE PISO H=0.02 M, INC RETIRO | F59: M2
A60: ANCHO | C60: LARGO | E60: AREA
A61: 2.5 | C61: 3.48 | E61: =+A61*C61 -> 8.7 | G61: BAÑO FUNCIONARIOS
A62: 2 | C62: 2.5 | E62: =+A62*C62 -> 5 | G62: BAÑO SEGUNDO PISO
A63: 5 | C63: 3 | E63: =+A63*C63 -> 15 | G63: OFICINA COMISARIA
A64: 2 | C64: 2.5 | E64: =+A64*C64 -> 5 | G64: CUARTO ARCHIVO 2 PISO
C65: TOTAL | E65: =+E61+E62+E64+E63 -> 33.7
A66: OBSERVACIONES: SE TOMAN LAS OFICINAS CON MAYOR DAÑOS EN EL SEGUNDO PISO AL IGUAL QUE TODOS LOS BAÑOS QUE SE ENCUENTRAN EN LA SEDE
A68: 1.13 | B68: 1.12 | C68: DEMOLICIÓN ENCHAPE MURO, INC RETIRO | F68: M2
A69: ANCHO | C69: LARGO | E69: AREA
A70: 11 | C70: 1.6 | E70: =A70*C70 -> 17.6 | G70: BAÑOS SEGUNDO PISO
A71: 10 | C71: 1.6 | E71: =A71*C71 -> 16 | G71: BAÑO FUNCIONARIOS
C72: TOTAL | E72: =+E70+E71 -> 33.6
A73: 1.14 | B73: 1.16 | C73: DEMOLICIÓN MUROS EN MAMPOSTERÍA 0.15 M, INC RETIRO | F73: M2
A74: ANCHO | C74: ALTO | E74: AREA
A75: 1 | C75: 2 | E75: =+C75*A75 -> 2
A76: OBSERVACIONES: SE PROCEDE A DEMOLER EL MURO PUESTO QUE SE ENCUENTRAN UNAS DUCHAS LAS CUALES NO TIENEN USO, POR ENDE PARA DAR ESPACIO E INSTALAR UN LAVAMANOS EN ESTA ZONA YA QUE EL BAÑO DE LOS FUNCIONARIOS NO CUENTA CON UNO
A78: 1.15 | B78: 5.8 | C78: MESONES EN CONCRETO 2500 PSI, E=0.1 M (INCLUYE REFUERZO) | F78: M2
A79: ANCHO | C79: LARGO | E79: AREA
A80: 0.6 | C80: 1.5 | E80: =+(A80*C80) -> 0.9
A82: OBSERVACIONES: SE REALIZA EL MESON PARA BAÑO DE FUNCIONARIOS EN EL PIRMER PISO
A83: 1.16 | B83: 14.8 | C83: ACABADO EN GRANITO (INCLUYE DILATACIÓN EN BRONCE Y PULIDA) | F83: M2
A84: ANCHO | C84: LARGO | E84: AREA
A85: 0.6 | C85: 1.5 | E85: =+(A85*C85) -> 0.9
A86: 0.1 | C86: 1.5 | E86: =+(A86*C86) -> 0.15
C87: TOTAL | E87: =+E86+E85 -> 1.05
A88: OBSERVACIONES: SE REALIZA GRANITO DEL MESON PARA BAÑO DE FUNCIONARIOS EN EL PIRMER PISO
A89: 1.17 | B89: 14.42 | C89: MEDIA CAÑA EN GRANITO - PREFABRICADA | F89: ML
A90: LONGITUD | E90: 1.5
A91: 1.18 | B91: 6.5 | C91: IMPERMEABILIZACIÓN INTEGRAL MORTERO SIKA | F91: M2
A92: PORCENTAJE | C92: M2 | E92: TOTAL
A93: 0.3 | C93: =I218 -> 836.686 | E93: =+A93*C93 -> 251.0058
A94: OBSERVASIONES: SE TOMA SOLO EL 30% DE LOS M2 DE LA PINTURA TOTAL QUE SE APLICARA EN LA SEDE ADMINISTARTIVA PUESTO A LA HUMEDAD PRESENTE
A96: 1.19 | B96: 18.14 | C96: ESTUCO | F96: M2
A97: ANCHO | C97: ALTO | E97: AREA
A98: 0.51450683 | C98: =C93 -> 836.686 | E98: =+A98*C98 -> 430.48066
A99: OBSERVASIONES: SE TENDRA UN 40 % DE LAPINTURA TOTAL APLICADA EN LA SEDE PUESTO A LA HUMEDAD PRESENTE EN ALGUNOS MUROS DE LA MISMA
A101: 1.20 | B101: 1.38 | C101: DESMONTE MARCOS Y PUERTAS, INC RETIRO | F101: UND
A102: PUERTA DE BAÑO | C102: PUERTA PRINCIPAL E INGRESO COCINA 1° PISO | E102: VENTANA INFERIOR FACHADA
A103: 3 | C103: 2 | E103: 1
C104: TOTAL | E104: =A103+C103+E103 -> 6
A105: OBSERVACIONES: SE OBSERVA DETERIORO Y CORROSION EN LAS PUERTAS INSTALADAS EN EL BAÑO DE LOS FUNCIONARIOS
A107: 1.21 | B107: 1.39 | C107: DESMONTE VENTANAS, INC RETIRO | F107: M2
...
